 Dungeon Crawl Stone Soup version 0.24-a0-355-gbe4061de67 (webtiles) character file.

Game seed: 3957267596204260791

27 Borgoz the Slasher (level 3, -1/28 (30) HPs)
             Began as a Ghoul Gladiator on May 24, 2019.
             Slain by a gnoll
             ... wielding a +4 flail
              (2 damage)
             ... on level 2 of the Dungeon.
             The game lasted 00:00:57 (915 turns).

Borgoz the Slasher (Ghoul Gladiator)                 Turns: 915, Time: 00:00:58

HP:   -1/28 (30)    AC:  4    Str: 17    XL:     3   Next: 10%
MP:   2/2           EV:  6    Int:  4    God:
Gold: 75            SH:  0    Dex: 10    Spells: 2/2 levels left

rFire    . . .     SeeInvis .   a - +0 long sword
rCold    + . .     Gourm    .   (no shield)
rNeg     + + +     Faith    .   b - +0 leather armour
rPois    ∞         Spirit   .   c - +0 helmet
rElec    .         Reflect  .   (no cloak)
rCorr    .         Harm     .   (no gloves)
MR       .....                  (no boots)
Stlth    +.........             (no amulet)
HPRegen  0.00/turn              (no ring)
MPRegen  0.08/turn              (no ring)

@: held, rotting
A: rotting body, claws 1, carnivore, cold resistance 1, negative energy
resistance 3, inhibited regeneration, torment resistance, unbreathing
a: no special abilities


You were on level 2 of the Dungeon.
You were not hungry.

You visited 1 branch of the dungeon, and saw 2 of its levels.

You collected 75 gold pieces.

Inventory:

Hand Weapons
 a - a +0 long sword (weapon)
Missiles
 d - 3 throwing nets (quivered)
Armour
 b - a +0 leather armour (worn)
 c - a +0 helmet (worn)
Scrolls
 e - a scroll of teleportation
 h - a scroll of noise {unknown}
Comestibles
 f - 2 rations


   Skills:
 + Level 2.5 Fighting
 * Level 3.0 Long Blades
 - Level 1.7 Throwing
 * Level 1.2 Armour
 + Level 2.9 Dodging


You had 2 spell levels left.
You didn't know any spells.
Your spell library was empty.

Dungeon Overview and Level Annotations

Branches:
Dungeon (2/15)

Altars:


Innate Abilities, Weirdness & Mutations

Your body is rotting away.
You thrive on raw meat.
You are immune to poison.
You have sharp fingernails.
You are carnivorous and can eat meat at any time.
Your flesh is cold resistant. (rC+)
You are immune to negative energy. (rN+++)
You do not regenerate when monsters are visible.
You are immune to unholy pain and torment.
You can survive without breathing.


Message History

The gnoll shouts! x4; The goblin shouts!
The gnoll hits you from afar with a +0 halberd.
There are monsters nearby!
There are monsters nearby!
You hit the gnoll but do no damage. The gnoll hits you with a +4 flail.
The gnoll misses you. The gnoll completely misses you.
You closely miss the gnoll.
The gnoll hits you but does no damage. x2
The gnoll barely misses you.
The gnoll throws a throwing net.
The throwing net hits you.
You become entangled in the net!
There is a stone staircase leading up here.
You see here a throwing net.
You can't do that while held in a net.
You struggle against the net.
The gnoll hits you from afar with a +0 halberd.
You struggle against the net.
The gnoll hits you with a +4 flail!
* * * LOW HITPOINT WARNING * * *
The gnoll barely misses you.
You struggle against the net.
The gnoll hits you with a +4 flail.
You die...

### #.#######
###.....g@## .
#.....gg...# ..
#..........# ..g
#....g.....#
...g####...g......#
...g'......########
....######## ... ##


You could see 4 gnolls and a goblin.

Vanquished Creatures
  4 dart slugs (D:1)
  A goblin (D:1)
  3 hobgoblins (D:1)
  3 bats (D:1)
  7 frilled lizards (D:1)
  4 rats (D:1)
22 creatures vanquished.

Notes
Turn   | Place    | Note
-------+----------+-------------------------------------------
     0 | D:1      | Borgoz the Ghoul Gladiator began the quest for the Orb.
     0 | D:1      | Reached XP level 1. HP: 17/17 MP: 0/0
   105 | D:1      | Reached XP level 2. HP: 24/25 MP: 1/1
   122 | D:1      | Reached skill level 3 in Long Blades
   376 | D:1      | Reached skill level 1 in Armour
   541 | D:1      | Reached XP level 3. HP: 30/30 MP: 2/2
   914 | D:2      | HP: 1/28 [gnoll/+4 flail (9)]
   915 | D:2      | Slain by a gnoll

Levels and vault maps discovered:
D:1:      tarquinn_simple_flora_water_e, layout_loops_ring, minmay_lizard_pond
D:2:      layout_basic, old_standard_altar

Skill      XL: |  1  2 |
---------------+-------+-----
Long Blades    | 3 |  3.0
Armour         | 1 |  1.2
Fighting       | |  2.5
Throwing       | |  1.7
Dodging        | |  2.9

Action                   || total
-------------------------++-------
Melee: Long sword        ||    55
  Use: Scroll            ||     1
       Potion            ||     1
  Eat: Chunk             ||     2
Armor: Leather armour    ||     9
Dodge: Dodged            ||    34
       Rpst.: Long sword ||    14

Table legend:
 A = Non-vault XP
 B = Vault XP
 C = Vault XP percentage of total XP
 D = Non-vault monster count
 E = Vault monster count
 F = Vault count percentage of total count
                 A         B        C        D         E       F
            +---------+---------+-------+---------+---------+-------
      Total |      32 |       7 |  17.9 |      15 |       7 |  31.8
            +---------+---------+-------+---------+---------+-------
        D:1 |      32 |       7 |  17.9 |      15 |       7 |  31.8
            +---------+---------+-------+---------+---------+-------
